 Dungeon Crawl Stone Soup version 0.27.1-33-g824d729ab1 (webtiles) character file.

Game seed: 12147660664806093037

58 AlexTheAtlantean the Insei (level 4, -3/34 HPs)
             Began as a Merfolk Gladiator on Dec 18, 2021.
             Slain by a black bear (5 damage)
             ... on level 3 of the Dungeon.
             The game lasted 00:22:31 (2172 turns).

AlexTheAtlantean the Insei (Merfolk Gladiator)      Turns: 2172, Time: 00:22:36

Health: -3/34      AC:  8    Str: 15    XL:     4   Next: 2%
Magic:  4/4        EV: 12    Int:  7    God:
Gold:   73         SH:  0    Dex: 15    Spells: 3/3 levels left

rFire    . . .     SeeInvis .     - Unarmed
rCold    . . .     Faith    .   (no shield)
rNeg     . . .     Spirit   .   d - +0 ring mail
rPois    .         Reflect  .   b - +0 helmet
rElec    .         Harm     .   (no cloak)
rCorr    .         Rampage  .   l - +0 pair of gloves
Will     +....                  f - +0 pair of boots
Stlth    +.........             (no amulet)
HPRegen  0.11/turn              g - ring of willpower
MPRegen  0.09/turn              j - +4 ring of slaying

@: no status effects
A: (nimble swimmer 2), mertail
a: no special abilities


You were on level 3 of the Dungeon.
You visited 1 branch of the dungeon, and saw 3 of its levels.

You collected 73 gold pieces.

Inventory:

Missiles
 c - 2 throwing nets (quivered)
Armour
 a - a +0 leather armour
 b - a +0 helmet (worn)
 d - a +0 ring mail (worn)
 f - a +0 pair of boots (worn)
 h - a +0 helmet
 l - a +0 pair of gloves (worn)
Jewellery
 g - a ring of willpower (left hand)
 j - a +4 ring of slaying (right hand)
Scrolls
 i - a scroll of enchant armour {unknown}
 m - a scroll of teleportation {unknown}
 o - a scroll of enchant weapon {unknown}
 p - a scroll of immolation {unknown}
 r - a scroll of brand weapon {unknown}
 s - a scroll of blinking {unknown}
Potions
 e - a potion of degeneration {unknown}
 k - 2 potions of curing {unknown}
 n - a potion of ambrosia {unknown}
 q - 2 potions of flight {unknown}
 t - a potion of resistance {unknown}
 u - a potion of might {unknown}
 v - a potion of heal wounds {unknown}


   Skills:
 + Level 2.5 Fighting
 - Level 2.0 Throwing
 + Level 0.2 Armour
 + Level 4.5 Dodging
 * Level 4.6 Unarmed Combat


You had 3 spell levels left.
You didn't know any spells.
Your spell library contained the following spells:

 Spells                   Type           Power      Damage    Failure   Level
 Sandblast                Erth           0%         2d4       67%         1
 Passwall                 Tmut/Erth      0%         N/A       80%         2
 Slow                     Hex            0%         N/A       80%         2
 Confusing Touch          Hex            0%         N/A       95%         3
 Vampiric Draining        Necr           0%         2d6       95%         3
 Lee's Rapid Deconstruct  Erth           0%         3d5*      100%        5


Dungeon Overview and Level Annotations

Branches:
Dungeon (3/15)

Altars:
Okawaru


Innate Abilities, Weirdness & Mutations

((You are quick and stealthy near water. (Stealth+, EV+, Speed+++)))
Your lower body shifts to a powerful aquatic tail in water.


Message History

You hit the black bear.
The black bear is lightly wounded.
The black bear bites you. The black bear claws you. The black bear misses you.
You punch the black bear!
The black bear is heavily wounded.
The black bear bites you but does no damage.
The black bear claws you but does no damage. x2
You punch the black bear!
The black bear is severely wounded.
The black bear goes berserk!
You closely miss the black bear.
The black bear is severely wounded.
The black bear barely misses you.
The black bear claws you but does no damage.
The black bear closely misses you.
The black bear bites you but does no damage.
The black bear claws you.
The black bear claws you but does no damage.
You hit the black bear.
The black bear is severely wounded.
The black bear closely misses you. The black bear misses you.
The black bear claws you but does no damage.
You hit the black bear. You punch the black bear.
The black bear is almost dead.
The black bear bites you but does no damage.
The black bear claws you but does no damage.
The black bear claws you.
You completely miss the black bear.
The black bear is almost dead.
The black bear bites you but does no damage.
The black bear claws you but does no damage. x2
The black bear bites you! The black bear claws you.
The black bear barely misses you.
You hit the black bear but do no damage.
Your punch misses the black bear.
The black bear is almost dead.
The black bear bites you!
* * * LOW HITPOINT WARNING * * *
The black bear claws you.
You die...

# ##..#...##............
.................##.#.##.
...........#.....# .....
#####.#...##.....##.#.##
#.......................
....................#.##.
#.###....................
#.# #.#.#..#.#.#h#..#.##.
#.# #.#.#..#.#.#@#..#
#.###.#.#..#.#.#.#..#
....................>
#####.###..#####.#....
......# #..# #.##.###
#####.# ##... ... .# #[#
##### #.# # #.# #.. #.#


You could see a black bear (berserk).

Vanquished Creatures
  2 worms
  A dart slug (D:3)
  2 orcs (D:3)
  2 ball pythons
  2 endoplasms
  5 giant cockroaches
  3 goblins
  6 hobgoblins
  2 jackals (D:2)
  5 quokkas
  3 bats
  A frilled lizard (D:1)
  6 kobolds
  3 rats
43 creatures vanquished.

Vanquished Creatures (others)
  2 plants (D:1)
2 creatures vanquished.

Grand Total: 45 creatures vanquished

Notes
Turn   | Place    | Note
-------+----------+-------------------------------------------
     0 | D:1      | AlexTheAtlantean the Merfolk Gladiator began the quest for
                  | the Orb.
     0 | D:1      | Reached XP level 1. HP: 16/16 MP: 1/1
   302 | D:1      | Reached XP level 2. HP: 12/23 MP: 2/2
  1188 | D:2      | Reached XP level 3. HP: 25/28 MP: 3/3
  1567 | D:2      | Found a faded altar of an unknown god.
  1977 | D:3      | Found an iron altar of Okawaru.
  2072 | D:3      | Reached XP level 4. HP: 34/34 MP: 4/4
  2159 | D:3      | Noticed a black bear
  2172 | D:3      | Slain by a black bear

Illustrated notes

Levels and vault maps discovered:
D:1:      wander_arrival_fairy_ring, layout_loops_ring, serial_forest,
          infiniplex_forest_clump_small, infiniplex_forest_lined_corner,
          infiniplex_forest_end_1, infiniplex_forest_lined_4_way,
          infiniplex_forest_end_double, infiniplex_forest_clump_tiny,
          infiniplex_forest_clump_curved, infiniplex_forest_3_way,
          corexii_hall_statues_i, minmay_pentomino_v2
D:2:      layout_basic, hellmonk_ecumenical_altar_dog_temple
D:3:      layout_basic, lemuel_doored_altar

Skill      XL: |  1  2 |
---------------+-------+-----
Unarmed Combat | 4 |  4.6
Fighting       | |  2.5
Throwing       | |  2.0
Armour         | |  0.2
Dodging        | |  4.5

Action                   |  1- 3 |  4- 6 || total
-------------------------+-------+-------++-------
Melee: Unarmed           |   148 |     9 ||   157
       Punch             |     2 |     1 ||     3
Throw: Throwing net      |     1 |       ||     1
Armor: Leather armour    |     6 |       ||     6
       Ring mail         |    42 |    13 ||    55
Dodge: Dodged            |    85 |     6 ||    91
